 Dungeon Crawl Stone Soup version 0.31.0-11-ge490571c62 (webtiles) character file.

Game seed: 1652349771868516289

11377 jasper the Fighter (level 11, 0/55 (99) HPs)
             Began as an Armataur Fighter on Feb 4, 2024.
             Was a Follower of Uskayaw.
             Slain by Sonja
             ... wielding a +1 short sword of draining
              (1 damage)
             ... on level 1 of the Lair of Beasts.
             The game lasted 00:21:01 (13530 turns).

jasper the Fighter (Armataur Fighter)              Turns: 13530, Time: 00:21:02

HP:   0/55 (99)     AC: 16    Str: 21    XL:     11   Next: 48%
MP:   11/11         EV:  7    Int:  9    God:    Uskayaw [*.....]
Gold: 455           SH:  6    Dex: 20    Spells: 10/10 levels left

rFire   + .          .
                       - Unarmed
rCold   . . .        b - +0 buckler
rNeg    . . .        w - +2 robe {rF+}
rPois   .            e - +0 helmet
rElec   .            (no cloak)
rCorr   .            (no gloves)
SInv    .            h - +4 barding "Pykenobu" {Stlth+}
Will    +....        (no amulet)
Stlth   +++          A - +6 ring of dexterity
HPRegen 0.94/turn    H - ring of willpower
MPRegen 0.45/turn

%: roll
@: slowed, very heavily drained, very slow
A: large, deformed body, tough skin 3, armoured tail, roll 2
a: Renounce Religion, Stomp


You were on level 1 of the Lair of Beasts.
You worshipped Uskayaw.
Uskayaw was noncommittal.
You visited 2 branches of the dungeon, and saw 12 of its levels.

You collected 660 gold pieces.
You spent 205 gold pieces at shops.

Inventory:

Missiles
 d - 113 stones (quivered)
 f - 24 poisoned darts
 r - 3 javelins
 x - 2 throwing nets
Armour
 a - a +0 scale mail
 b - a +0 buckler (worn)
 e - a +0 helmet (worn)
 h - the +4 barding "Pykenobu" (worn) {Stlth+}
   (You acquired it on level 7 of the Dungeon)

   Stlth+:    It makes you more stealthy.
 o - a +2 robe of positive energy
 w - a +2 robe of fire resistance (worn)
Jewellery
 A - a +6 ring of dexterity (left hand)
 H - a ring of willpower (right hand)
Talismans
 g - a maw talisman
Wands
 m - a wand of digging (7)
 n - a wand of flame (9)
Scrolls
 j - 2 scrolls of fog
 p - 2 scrolls of enchant armour
 s - a scroll of revelation
 t - a scroll of vulnerability
 u - 2 scrolls of teleportation
 y - 2 scrolls of amnesia
 z - 2 scrolls of poison
 G - a scroll of identify
Potions
 c - 5 potions of haste
 i - 2 potions of ambrosia
 k - 5 potions of attraction
 l - a potion of resistance
 q - 3 potions of mutation
 v - 4 potions of heal wounds
 B - a potion of curing
 C - a potion of cancellation
 D - 2 potions of brilliance
 E - a potion of magic
 F - 2 potions of might


   Skills:
 - Level 10.0 Fighting
 - Level 3.6 Armour
 - Level 5.0 Shields
 - Level 10.0 Unarmed Combat
 + Level 8.7 Shapeshifting


You had 10 spell levels left.
You didn't know any spells.
Your spell library contained the following spells:

 Spells                   Type           Power      Damage    Failure   Level
 Freeze                   Ice            0%         1d3       43%         1
 Frozen Ramparts          Ice            0%         1d1       82%         3
 Fugue of the Fallen      Necr           0%         N/A       82%         3
 Hailstorm                Conj/Ice       0%         3d5       82%         3
 Ozocubu's Armour         Ice            0%         N/A       82%         3
 Animate Dead             Necr           0%         N/A       99%         4
 Cause Fear               Hex            0%         N/A       99%         4
 Manifold Assault         Tloc           0%         N/A       99%         4
 Summon Blazeheart Golem  Fire/Summ      0%         N/A       99%         4
 Fireball                 Conj/Fire      0%         3d3       100%        5
 Haunt                    Necr/Summ      0%         N/A       100%        7
 Orb of Destruction       Conj           0%         9d5       100%        7
 Spellforged Servitor     Conj/Summ      0%         N/A       100%        7
 Infestation              Necr           0%         N/A       100%        8
 Dragon's Call            Summ           0%         N/A       100%        9


Dungeon Overview and Level Annotations

Branches:
Dungeon (11/15)            Temple (0/1) D:7            Lair (1/5) D:11
    Orc (0/2) D:11

Altars:
Fedhas
Makhleb
Ru
Uskayaw
The Shining One

Shops:
D:1 [

Annotations:
D:4 1 exclusion
D:11 Urug
Lair:1 Sonja


Innate Abilities, Weirdness & Mutations

Armour fits poorly on your strangely shaped body.
You have extremely tough skin. (AC +3)
You have a long armoured tail.
You regenerate magic and health when rolling toward enemies. (Rampage Regen)


Message History

You are more poisoned.
You have difficulty breathing.
You feel as though you will be slow longer.
You feel extremely sick.
Sonja throws a curare-tipped dart.
The curare-tipped dart barely misses you.
A white imp comes into view.
You feel very sick. Sonja hits you but does no damage.
You feel drained. Sonja hits you but does no damage.
You feel drained. Sonja barely misses you. Sonja hits you but does no damage.
You feel drained.
Sonja hits you with a +1 short sword of draining.
You feel drained. Sonja hits you but does no damage.
You feel drained.
You feel very sick. Sonja attacks as she pursues you!
Sonja hits you with a +1 short sword of draining.
* * * LOW HITPOINT WARNING * * *
You feel drained.
* * * LOW HITPOINT WARNING * * *
Sonja hits you with a +1 short sword of draining.
* * * LOW HITPOINT WARNING * * *
You feel drained.
* * * LOW HITPOINT WARNING * * *
You block Sonja's attack. Sonja hits you but does no damage.
You feel drained.
Sonja hits you with a +1 short sword of draining.
* * * LOW HITPOINT WARNING * * *
You feel drained.
* * * LOW HITPOINT WARNING * * *
Sonja hits you but does no damage.
You feel drained.
You feel better.
Sonja hits you with a +1 short sword of draining!
* * * LOW HITPOINT WARNING * * *
You feel drained.
* * * LOW HITPOINT WARNING * * *
Sonja closely misses you. Sonja hits you but does no damage.
You feel drained.
Sonja hits you with a +1 short sword of draining.
* * * LOW HITPOINT WARNING * * *
You feel drained.
You die...
Sonja applauds herself.

# ### ..#####
.#######P### 5......
........P....
...#.#####............
.........#.....###.P.#
#.....#.....#......
#.K...#.....#......
.#.@...#.....#......
.................#......
.....+.....#............
.....#...........###+#.#
.... ######.............
... .................
... ..................
...................
...................


You could see Sonja.

Vanquished Creatures
  4 two-headed ogres
  A cyclops (D:11)
  A manticore (D:11)
  A black mamba (Lair:1)
  A gargoyle (D:10)
  Jeremiah (D:6)
  A cane toad (Lair:1)
  A hornet (D:10)
  3 trolls
  4 blink frogs (Lair:1)
  Prince Ribbit (D:6)
  6 yaks (D:9)
  A vampire mosquito (D:11)
  Edmund (D:6)
  A water moccasin (Lair:1)
  A sky beast (D:8)
  3 ice beasts
  2 orc warriors
  3 black bears
  A centaur (D:9)
  2 wolves (D:11)
  3 ogres
  2 kobold brigands
  3 phantoms
  4 bullfrogs
  3 scorpions
  18 wights
  3 howler monkeys
  4 electric eels (D:10)
  A bombardier beetle (D:4)
  A hound (D:4)
  A jelly (D:5)
  5 orc priests
  A gnoll bouda (D:7)
  An iguana (D:5)
  5 orc wizards
  A sleepcap (D:4)
  19 gnolls
  7 adders
  2 shadow imps
  2 dart slugs
  4 ribbon worms
  27 orcs
  11 ball pythons
  7 endoplasms
  5 giant cockroaches
  6 hobgoblins
  3 jackals (D:4)
  21 kobolds
  4 quokkas
  8 bats
  3 frilled lizards
  7 goblins
  6 rats
238 creatures vanquished.

Vanquished Creatures (others)
  An iguana (D:4)
  An orc (D:5)
2 creatures vanquished.

Grand Total: 240 creatures vanquished

Notes
Turn   | Place    | Note
-------+----------+-------------------------------------------
     0 | D:1      | jasper the Armataur Fighter began the quest for the Orb.
     0 | D:1      | Reached XP level 1. HP: 18/18 MP: 1/1
   205 | D:1      | Reached XP level 2. HP: 25/25 MP: 2/2
   383 | D:1      | Found a faded altar of an unknown god.
   390 | D:1      | Prayed at the altar of an unknown god.
   390 | D:1      | Became a worshipper of Uskayaw the Reveller
   390 | D:1      | Reached * piety under Uskayaw
   445 | D:1      | Found Vuanka's Armour Emporium.
   801 | D:2      | Reached XP level 3. HP: 27/31 MP: 3/3
  1029 | D:2      | Reached ** piety under Uskayaw
  1032 | D:2      | Reached *** piety under Uskayaw
  1444 | D:2      | Reached XP level 4. HP: 38/38 MP: 4/4
  2019 | D:1      | Bought a +2 robe of positive energy for 205 gold pieces
  2316 | D:3      | Noticed a black bear
  2538 | D:4      | Reached XP level 5. HP: 33/46 MP: 5/5
  2739 | D:4      | Noticed a hornet
  2768 | D:4      | Reached **** piety under Uskayaw
  3001 | D:4      | Reached skill level 5 in Shields
  3001 | D:4      | Reached XP level 6. HP: 50/52 MP: 6/6
  3208 | D:5      | Entered Level 5 of the Dungeon
  3649 | D:5      | Noticed an ice beast
  3679 | D:5      | Killed an ice beast
  3680 | D:5      | Reached skill level 5 in Fighting
  3681 | D:5      | Gained mutation: You regenerate magic and health when
                  | rolling toward enemies. (Rampage Regen) [Armataur growth]
  3681 | D:5      | Reached XP level 7. HP: 31/61 MP: 7/7
  3693 | D:5      | Reached ***** piety under Uskayaw
  4412 | D:6      | Noticed Prince Ribbit
  4626 | D:5      | Reached skill level 5 in Unarmed Combat
  4810 | D:6      | Identified the +7 flail of Uroizits {holy, Fly rF- Dex+4}
  4873 | D:6      | Noticed Edmund
  4892 | D:7      | Identified a scroll of acquirement
  4892 | D:7      | Acquired the +4 barding "Pykenobu" {Stlth+}
  5192 | D:7      | Reached XP level 8. HP: 60/68 MP: 8/8
  5237 | D:7      | Noticed a komodo dragon
  5238 | D:7      | Noticed a slime creature
  6266 | D:5      | Found a burning altar of Makhleb.
  6266 | D:5      | Found a blossoming altar of Fedhas.
  6429 | D:6      | Killed Prince Ribbit
  6544 | D:6      | Found a glowing golden altar of the Shining One.
  6699 | D:6      | Noticed Jeremiah
  6911 | D:6      | Killed Jeremiah
  6912 | D:6      | Reached XP level 9. HP: 67/80 MP: 9/9
  7181 | D:6      | Killed Edmund
  7696 | D:7      | Found a staircase to the Ecumenical Temple.
  7904 | D:8      | Found a sacrificial altar of Ru.
  9476 | D:9      | Noticed a troll
  9484 | D:9      | Killed a troll
  9488 | D:9      | Reached XP level 10. HP: 91/91 MP: 10/10
  9583 | D:9      | Noticed a two-headed ogre
  9595 | D:9      | Killed a two-headed ogre
  9710 | D:9      | Reached skill level 10 in Fighting
  9826 | D:9      | Reached skill level 10 in Unarmed Combat
  9826 | D:9      | Reached skill level 1 in Shapeshifting
 10247 | D:10     | Entered Level 10 of the Dungeon
 10285 | D:10     | Noticed a gargoyle
 10636 | D:10     | Paralysed by a hornet for 2 turns
 10919 | D:10     | Identified the +1 scimitar of the Destroying Rat {heavy,
                  | rF+}
 11083 | D:10     | Noticed a two-headed ogre
 11101 | D:10     | Killed a two-headed ogre
 11102 | D:10     | Reached skill level 5 in Shapeshifting
 11281 | D:10     | Killed a gargoyle
 11656 | D:11     | Found a staircase to the Orcish Mines.
 11733 | D:11     | Noticed a two-headed ogre
 11741 | D:11     | Killed a two-headed ogre
 11742 | D:11     | Reached XP level 11. HP: 69/99 MP: 11/11
 11862 | D:11     | Noticed Urug
 11926 | D:11     | Found a staircase to the Lair.
 12308 | D:11     | Noticed a two-headed ogre
 12322 | D:11     | Killed a two-headed ogre
 12700 | Lair:1   | Entered Level 1 of the Lair of Beasts
 13513 | Lair:1   | Noticed Sonja
 13530 | Lair:1   | HP: 1/57 [Sonja/+1 short sword of draining (4)]
 13530 | Lair:1   | Slain by Sonja

Illustrated notes

Levels and vault maps discovered:
D:1:      dpeg_arrival_renting, layout_basic,
          hellmonk_ecumenical_altar_pennies_from_heaven, serial_shops,
          nicolae_shop_trees
D:2:      layout_loops_ring
D:3:      layout_loops_ring, nicolae_titane
D:4:      minmay_clustersquares, layout_basic
D:5:      layout_basic, gammafunk_temple_overflow_wave, serial_glass,
          glass_columns_a, glass_columns_a, item_on_display_a,
          item_on_display_a, minmay_strange_pillars
D:6:      layout_loops_ring, mainiacjoe_overflow_concentric_impassable,
          serial_rivers, chequers_serial_rivers_large_b,
          chequers_serial_rivers_room_a, chequers_serial_rivers_micro_e,
          chequers_serial_rivers_room_a, chequers_serial_rivers_micro_b,
          hangedman_decor_lopped, uniq_jeremiah, uniq_edmund,
          uniq_prince_ribbit1
D:7:      layout_basic, minmay_temple_entry_trees, minmay_shattered_shrine
D:8:      layout_layer_cave, nicolae_ru_path_of_blood
D:9:      layout_stronghold, serial_column_ruins, column_ruins_square_medium,
          column_ruins_open_tiny, column_ruins_columns_corner,
          column_ruins_open_small, column_ruins_open_tiny,
          column_ruins_columns_corner, column_ruins_grid_4,
          grunt_decor_arrowhead, minivault_10, roderic_three_in_a_row
D:10:     nicolae_cairo_tiling_large_dashed, layout_basic,
          kennysheep_generic_room_12
D:11:     layout_gridville, erik_lair_orcish_takeover, orc_0_dummy, uniq_urug
Lair:1:   layout_regular_city, portal_ice_cave_entry_imps, uniq_sonja

Skill      XL: |  1  2  3  4  5  6  7  8  9 10 11 |
---------------+----------------------------------+-----
Unarmed Combat | 2 3 4 5 7 9 10 | 10.0
Fighting       | 3 4 5 6 8 9 10 | 10.0
Shields        | 4 5 |  5.0
Shapeshifting  | 6 8 |  8.7
Armour         | |  3.6

Action                     |  1- 3 |  4- 6 |  7- 9 | 10-12 || total
---------------------------+-------+-------+-------+-------++-------
  Melee: Unarmed           |   142 |   199 |   444 |   235 ||  1020
         Tailslap          |    12 |    20 |    75 |    47 ||   154
  Throw: Throwing net      |       |       |     2 |       ||     2
         Stone             |       |       |     3 |       ||     3
         Dart              |       |       |     1 |     7 ||     8
  Evoke: Wand              |       |       |       |     6 ||     6
    Use: Scroll            |     5 |     6 |    14 |     3 ||    28
         Potion            |       |     6 |     3 |     3 ||    12
   Stab: Invisible         |       |     8 |       |       ||     8
         Paralysed         |       |     1 |    15 |     8 ||    24
         Sleeping          |       |     1 |     8 |     6 ||    15
 Armour: Scale mail        |    75 |    20 |       |       ||    95
         Robe              |       |    89 |   289 |   225 ||   603
  Dodge: Dodged            |    35 |    76 |   119 |    67 ||   297
  Block: Buckler           |    24 |    40 |    74 |    52 ||   190
